 Dungeon Crawl Stone Soup version 0.22-a0-181-gb22368a056 (webtiles) character file.

49 Ordine the Magician (level 3, -8/19 HPs)
             Began as a Deep Elf Wizard on Feb 14, 2018.
             Killed from afar by Terence (10 damage)
             ... with a wand of flame (33)
             ... on level 2 of the Dungeon.
             The game lasted 00:04:39 (1278 turns).

Ordine the Magician (Deep Elf Wizard)               Turns: 1278, Time: 00:04:40

Health: -8/19      AC:  2    Str:  4    XL:     3   Next: 51%
Magic:  4/11       EV: 13    Int: 23    God:
Gold:   73         SH:  0    Dex: 16    Spells: 2/11 levels left

rFire    . . .     SeeInvis .   g - +1 dagger (flame)
rCold    . . .     Gourm    .   (no shield)
rNeg     . . .     Faith    .   a - +0 robe
rPois    .         Spirit   .   b - +0 hat
rElec    .         Reflect  .   (no cloak)
rCorr    .         Harm     .   (no gloves)
MR       .....                  (no boots)
Stlth    ++........             (no amulet)
HPRegen  0.06/turn              e - +3 ring of dexterity
MPRegen  0.12/turn              (no ring)

@: no status effects
A: no striking features
a: no special abilities


You were on level 2 of the Dungeon.
You were not hungry.

You visited 1 branch of the dungeon, and saw 2 of its levels.

You collected 73 gold pieces.

Inventory:

Hand Weapons
 g - a +1 dagger of flaming (weapon)
Armour
 a - a +0 robe (worn)
 b - a +0 hat (worn)
Jewellery
 e - a +3 ring of dexterity (left hand)
Scrolls
 h - a scroll of remove curse
 k - a scroll of blinking {unknown}
Potions
 i - a potion of brilliance {unknown}
 j - a potion of flight {unknown}
 l - a potion of berserk rage {unknown}
Books
 c - a book of Minor Magic

   Spells                             Type                      Level
   a - Magic Dart                     Conjuration                  1
   b - Blink                          Translocation                2
   c - Call Imp                       Summoning                    2
   d - Slow                           Hexes                        2
   e - Conjure Flame                  Conjuration/Fire             3
   f - Mephitic Cloud                 Conjuration/Poison/Air       3
Comestibles
 d - a ration
 f - 6 chunks of flesh


   Skills:
 - Level 3.0 Dodging
 - Level 3.0 Stealth
 + Level 4.9 Spellcasting
 * Level 2.4 Conjurations
   Level 1.1 Summonings
 + Level 1.2 Translocations
 + Level 0.2 Fire Magic
 + Level 0.1 Air Magic


You had 2 spell levels left.
You knew the following spells:

 Your Spells              Type           Power        Failure   Level  Hunger
a - Magic Dart            Conj           ###.         3%          1    None
b - Blink                 Tloc           N/A          9%          2    None
c - Conjure Flame         Conj/Fire      ##......     17%         3    ##.....
d - Mephitic Cloud        Conj/Pois/Air  #.......     21%         3    ##.....


Dungeon Overview and Level Annotations

Branches:
Dungeon (2/15)

Altars:

Annotations:
D:2 Terence


Message History

Confirm with . or Enter, or press ? or * to list all spells.
Aiming: Magic Dart (safe; 3% risk of failure)
Press: ? - help, Shift-Dir - straight line, f/p - orc
Aim: an orc, wielding a hand axe and wearing an animal skin (heavily wounded)
The magic dart hits the orc.
You kill the orc!
Things that are here:
a hand axe; an animal skin; an orc corpse You butcher the orc corpse.
f - 6 chunks of flesh (gained 1)
Things that are here:
a hand axe; an animal skin You start resting.
Terence is nearby!
Terence looks scornfully at you.
Terence zaps a wand.
The puff of flame hits you!
* * * LOW HITPOINT WARNING * * *
Terence zaps a wand.
The puff of flame hits you!
Ouch! That really hurt!
You die...

#).. ##.# ##.##.#..#
#.##.#.## .....#.#
#.#..#†# #.#..#.# .###
...# #.#..#.###.....
#..# #..........###
#..# ##@............
#..# #...#.######## #
#[.# #...#.# #.#..#
#...#.# #.#..# #...#.#
#...###########...#..
#.#.#.......)......###
#.#.#.##..#####@...#
#.#.#.##...........#


You could see Terence.

Vanquished Creatures
  An adder (D:2)
  An adder zombie (D:1)
  A worm (D:2)
  A dart slug (D:1)
  A leopard gecko (D:2)
  An orc (D:2)
  A ball python (D:1)
  5 goblins
  5 hobgoblins
  4 kobolds
  A ball python zombie (D:1)
  3 bats
  2 frilled lizards
  2 rats (D:1)
29 creatures vanquished.

Notes
Turn   | Place    | Note
-------+----------+-------------------------------------------
     0 | D:1      | Ordine the Deep Elf Wizard began the quest for the Orb.
     0 | D:1      | Reached XP level 1. HP: 10/10 MP: 7/7
   192 | D:1      | Reached XP level 2. HP: 15/15 MP: 4/9
   247 | D:1      | Learned a level 2 spell: Blink
   934 | D:2      | Reached XP level 3. HP: 5/19 MP: 3/11
   991 | D:2      | Learned a level 3 spell: Conjure Flame
   995 | D:2      | Learned a level 3 spell: Mephitic Cloud
  1232 | D:2      | Noticed Terence
  1278 | D:2      | Killed from afar by Terence

Vault maps used:
D:1:      saegor_arrival_fortress
D:2:      trog_butcher_becter, uniq_terence

Skill      XL: |  1  2  3 |
---------------+----------+-----
Conjurations   | 2 |  2.4
Stealth        | 3 |  3.0
Dodging        | 3 |  3.0
Spellcasting   | |  4.9
Summonings     | |  1.1
Translocations | |  1.2
Fire Magic     | |  0.2
Air Magic      | |  0.1

Action                   || total
-------------------------++-------
Melee: Dagger            ||     1
 Cast: Magic Dart        ||    75
       Mephitic Cloud    ||     2
  Use: Scroll            ||     2
       Potion            ||     1
  Eat: Chunk             ||     1
Armor: Robe              ||     1
Dodge: Dodged            ||     6

Table legend:
 A = Spawn XP
 B = Non-spawn XP
 C = Spawn XP percentage of total XP
 D = Spawn monster count
 E = Non-spawn monster count
 F = Spawn count percentage of total count
 G = Total turns spent on level
                    A         B        C        D         E        F      G
               +---------+---------+-------+---------+---------+-------+---------
         Total |       0 |      70 |   0.0 |       0 |      29 |   0.0 |  1278
               +---------+---------+-------+---------+---------+-------+---------
           D:1 |       0 |      36 |   0.0 |       0 |      18 |   0.0 |   914
           D:2 |       0 |      34 |   0.0 |       0 |      11 |   0.0 |   364
               +---------+---------+-------+---------+---------+-------+---------
